 Dungeon Crawl Stone Soup version 0.31-a0-564-g3b7de120b3 (webtiles) character file.

Game seed: 15313836760674454928

211 Dittersdorf the Trooper (level 5, -2/34 HPs)
             Began as a Gargoyle Fighter on Aug 17, 2023.
             Killed from afar by a steam dragon (17 damage)
             ... with a ball of steam
             ... on level 4 of the Dungeon.
             The game lasted 00:03:08 (3385 turns).

Dittersdorf the Trooper (Gargoyle Fighter)          Turns: 3385, Time: 00:03:09

Health: -2/34      AC: 14    Str: 21    XL:     5   Next: 88%
Magic:  5/5        EV:  8    Int:  9    God:
Gold:   153        SH:  4    Dex:  9    Spells: 4/4 levels left

rFire   . . .        a - +0 flail
rCold   . . .        c - +0 buckler
rNeg    + + .        q - +0 chain mail
rPois   ∞            (no helmet)
rElec   +            (no cloak)
rCorr   .            r - +0 pair of gloves
SInv    .            (no boots)
Will    .....        (no amulet) Stlth
                     g - ring of positive energy
HPRegen 0.25/turn    (no ring)
MPRegen 0.09/turn

%: no passive effects
@: no status effects
A: sickness immunity, AC +4, negative energy resistance 1, electricity
resistance, torment resistance 1, petrification resistance
a: no special abilities


You were on level 4 of the Dungeon.
You visited 1 branch of the dungeon, and saw 4 of its levels.

You collected 153 gold pieces.

Inventory:

Hand Weapons
 a - a +0 flail (weapon)
Missiles
 l - 4 poisoned darts
Armour
 c - a +0 buckler (worn)
 q - a +0 chain mail (worn)
 r - a +0 pair of gloves (worn)
Magical Staves
 i - a staff of earth
Jewellery
 e - a ring of fire
 g - a ring of positive energy (left hand)
Scrolls
 b - a scroll of vulnerability {unknown}
 f - 3 scrolls of teleportation {unknown}
 h - 5 scrolls of identify {unknown}
 j - a scroll of noise {unknown}
 o - a scroll of fear {unknown}
 p - a scroll of immolation {unknown}
Potions
 d - 2 potions of might
 k - 2 potions of ambrosia {unknown}
 m - 2 potions of curing {unknown}
 n - a potion of cancellation {unknown}
 s - a potion of haste {unknown}


   Skills:
 + Level 4.5 Fighting
 + Level 3.3 Maces & Flails
 + Level 4.4 Armour
 + Level 4.4 Shields


You had 4 spell levels left.
You didn't know any spells.
Your spell library contained the following spells:

 Spells                   Type           Power      Damage    Failure   Level
 Ignite Poison            Fire/Tmut/Pois 0%         N/A       100%        3
 Sticky Flame             Conj/Fire      0%         2d3       100%        4
 Summon Forest            Summ/Tloc      0%         N/A       100%        5
 Eringya's Noxious Bog    Tmut/Pois      0%         4d6       100%        6
 Summon Hydra             Summ           0%         N/A       100%        7
 Ignition                 Fire           0%         3d3       100%        8


Dungeon Overview and Level Annotations

Branches:
Dungeon (4/15)
 Temple: D:4-7

Altars:
Gozag


Innate Abilities, Weirdness & Mutations

You are immune to sickness and miasma.
Your stone body is resilient. (AC +4)
You are immune to poison.
You resist negative energy. (rN+)
You are resistant to electric shocks. (rElec)
You are resistant to unholy torment.
You are immune to petrification.


Message History

You hit the adder but do no damage. The adder bites you but does no damage.
You block the adder's attack.
You barely miss the adder. The adder bites you. The adder closely misses you.
You hit the adder.
The adder is moderately wounded.
The adder bites you but does no damage.
You miss the adder.
The adder is moderately wounded.
You block the adder's attack. The adder closely misses you.
You completely miss the adder.
The adder is moderately wounded.
The adder barely misses you. The adder bites you but does no damage.
You sock the adder!
You kill the adder!
No target in view!
No target in view!
No target in view!
No target in view!
No target in view!
No target in view!
No target in view!
s - a fizzy pink potion As you open the door, it creaks loudly!
There is an open door here.
Found an opulent altar of Gozag.
You now have 153 gold pieces (gained 13).
A steam dragon comes into view.
The steam dragon breathes steam at you. The ball of steam hits you!!
Ouch! That really hurt!
You are too injured to fight recklessly!
You are too injured to fight recklessly!
You are too injured to fight recklessly!
You are too injured to fight recklessly!
You are too injured to fight recklessly!
Found a stone staircase leading down.
The steam dragon breathes steam at you. The ball of steam hits you!
Ouch! That really hurt!
You die...

#......_...............#...
#...#....#.#...........#...
#...#...##.#...........#...
#...###....#.##+##.....#...
#.....§.####§....#.....#...
#......§..§§§....#.....#...
#.....#...§§§....#.....#...
#.....#....D§....#.....'...
#.....#+##@.###..#.....####
#####.. #..# ##........
#... #.... #........ #...
+...... +........ #...
#........#........
~....>...#........
~.######.#........ ...
###... #...


You could see a steam dragon (catching breath).

Vanquished Creatures
  A phantom (D:4)
  An orc priest (D:4)
  3 adders
  3 worms
  3 dart slugs
  4 orcs (D:3)
  4 ball pythons
  7 endoplasms
  2 giant cockroaches
  5 goblins
  3 hobgoblins
  4 jackals
  7 kobolds
  3 quokkas
  9 bats
  6 frilled lizards
  2 rats
67 creatures vanquished.

Notes
Turn   | Place    | Note
-------+----------+-------------------------------------------
     0 | D:1      | Dittersdorf the Gargoyle Fighter began the quest for the
                  | Orb.
     0 | D:1      | Reached XP level 1. HP: 14/14 MP: 1/1
   196 | D:1      | Reached XP level 2. HP: 19/19 MP: 2/2
  1060 | D:2      | Reached XP level 3. HP: 23/23 MP: 3/3
  1373 | D:2      | Reached XP level 4. HP: 29/29 MP: 4/4
  2202 | D:3      | Found a faded altar of an unknown god.
  2917 | D:4      | Noticed a phantom
  2927 | D:4      | Killed a phantom
  2928 | D:4      | Reached XP level 5. HP: 34/34 MP: 5/5
  3360 | D:4      | Found an opulent altar of Gozag.
  3381 | D:4      | Noticed a steam dragon
  3385 | D:4      | Killed from afar by a steam dragon

Illustrated notes

Levels and vault maps discovered:
D:1:      minmay_arrival_checkered_box, layout_basic
D:2:      layout_loops_ring, minmay_misc_feat_plants
D:3:      layout_basic, ebering_ecumenical_altar_abandoned
D:4:      layout_gridville, nicolae_overflow_crystal_walls, serial_rivers,
          chequers_serial_rivers_small_b, chequers_serial_rivers_small_3,
          chequers_serial_rivers_room_b, chequers_serial_rivers_room_a,
          chequers_serial_rivers_micro_c, chequers_serial_rivers_micro_e,
          uniq_sigmund

Skill      XL: |  1  2  3  4 |
---------------+-------------+-----
Fighting       | 4 |  4.5
Shields        | 4 |  4.4
Armour         | 4 |  4.4
Maces & Flails | 3 |  3.3

Action                     |  1- 3 |  4- 6 || total
---------------------------+-------+-------++-------
  Melee: Flail             |   130 |   117 ||   247
 Armour: Scale mail        |    70 |    33 ||   103
         Chain mail        |       |    35 ||    35
  Dodge: Dodged            |    64 |    46 ||   110
  Block: Buckler           |    24 |    31 ||    55

Table legend: (Time is in decaauts)
 A = Elapsed time spent in this place.
 B = Non-inter-level travel time spent in this place.
 C = Inter-level travel time spent in this place.
 D = Time resting spent in this place.
 E = Time spent auto-exploring this place.
 F = Levels seen in this place.
 G = Mean time per level.
                   A        B        C        D        E       F      G
               +--------+--------+--------+--------+--------+-----+--------+
         Total |   3460 |   3233 |    227 |    154 |   2472 |   4 |  865.0 |
       Dungeon |   3460 |   3233 |    227 |    154 |   2472 |   4 |  865.0 |
               +--------+--------+--------+--------+--------+-----+--------+

Top non-repeatable levels by time:
     D:1: 1118 daAuts
     D:3: 1061 daAuts
     D:2: 821 daAuts
     D:4: 459 daAuts
